 Dungeon Crawl Stone Soup version 0.28.0-53-g5a82cb258f (webtiles) character file.

Game seed: 6331568198789930999

43 RevDB the Vexing (level 3, -7/20 HPs)
             Began as a Deep Elf Arcane Marksman on July 5, 2022.
             Killed from afar by Natasha (10 damage)
             ... with a magic dart
             ... on level 2 of the Dungeon.
             The game lasted 00:16:41 (1969 turns).

RevDB the Vexing (Deep Elf Arcane Marksman)         Turns: 1969, Time: 00:16:45

Health: -7/20      AC:  9    Str:  7    XL:     3   Next: 37%
Magic:  7/8        EV: 13    Int: 17    God:
Gold:   61         SH:  0    Dex: 17    Spells: 2/6 levels left

rFire   . . .      SeeInvis .   a - +0 dagger (protect)
rCold   . . .      Faith    .   (no shield)
rNeg    . . .      Spirit   .   d - +0 robe
rPois   .          Reflect  .   (no helmet)
rElec   .          Harm     .   (no cloak)
rCorr   .          Rampage  .   (no gloves)
Will    .....                   (no boots)
Stlth   ++........              f - amulet of the acrobat
HPRegen 0.06/turn               (no ring)
MPRegen 0.11/turn               (no ring)

@: under a protective aura, slowed, very slow
A: no striking features
a: no special abilities


You were on level 2 of the Dungeon.
You visited 1 branch of the dungeon, and saw 2 of its levels.

You collected 61 gold pieces.

Inventory:

Hand Weapons
 a - a +0 dagger of protection (weapon)
 b - a +0 shortbow
 h - a +0 dagger
Missiles
 c - 38 arrows
Armour
 d - a +0 robe (worn)
Jewellery
 e - an amulet of reflection
 f - an amulet of the acrobat (around neck)
Scrolls
 l - a scroll of noise {unknown}
 m - a scroll of identify {unknown}
 n - a scroll of summoning {unknown}
 o - a scroll of vulnerability {unknown}
 p - a scroll of amnesia {unknown}
 q - a scroll of magic mapping {unknown}
Potions
 g - a potion of resistance {unknown}
 i - 3 potions of heal wounds {unknown}
 j - a potion of brilliance {unknown}
 k - a potion of might {unknown}
 r - a potion of flight {unknown}


   Skills:
 - Level 1.0 Fighting
 + Level 0.6 Short Blades
 + Level 3.1 Bows
 + Level 2.9 Dodging
 + Level 0.7 Stealth
 + Level 2.0 Spellcasting
 + Level 4.3 Hexes
 + Level 0.8 Translocations
 + Level 0.7 Fire Magic


You had 2 spell levels left.
You knew the following spells:

 Your Spells              Type           Power      Damage    Failure   Level
a - Slow                  Hex            64%        N/A       3%          1
b - Portal Projectile     Hex/Tloc       20%        N/A       21%         3

Your spell library contained the following spells:

 Spells                   Type           Power      Damage    Failure   Level
 Confusing Touch          Hex            16%        N/A       10%         3
 Inner Flame              Hex/Fire       10%        N/A       21%         3
 Cause Fear               Hex            8%         N/A       32%         4
 Yara's Violent Unravell  Hex/Tmut       4%         3d4       91%         5
 Enfeeble                 Hex            8%         N/A       100%        7


Dungeon Overview and Level Annotations

Branches:
Dungeon (2/15)

Altars:

Annotations:
D:2 Natasha


Message History

Natasha is severely wounded.
Natasha barely misses you.
You barely miss Natasha.
Natasha is severely wounded.
You barely miss Natasha.
Natasha is severely wounded.
Natasha claws you but does no damage.
You hit Natasha but do no damage.
Natasha is severely wounded.
Natasha hisses.
Natasha claws you.
You miss Natasha.
Natasha is severely wounded.
The white imp disappears in a puff of smoke!
You barely miss Natasha.
Natasha is severely wounded.
Natasha is no longer moving slowly.
The white imp grinds its teeth.
Natasha claws you.
* * * LOW HITPOINT WARNING * * *
You hit Natasha.
Natasha is almost dead.
Natasha stares at you and mumbles some strange words.
The magic dart hits you.
* * * LOW HITPOINT WARNING * * *
Casting: Slow (safe; 3% risk of failure)
Confirm with . or Enter, or press ? or * to list all spells.
Aiming: Slow (safe; 3% risk of failure)
Press: ? - help, Shift-Dir - straight line, f/p - Natasha
Aim: Natasha (almost dead, chance to affect: 55%) Natasha seems to slow down.
Natasha stares at you and mumbles some strange words.
You feel yourself slow down.
You hit Natasha.
Natasha is almost dead.
Natasha mewls in sadness.
Natasha casts a spell at you. The magic dart hits you!
Ouch! That really hurt!
You die...

#.........##....#
#.........##.....
#.....##.#...###
#.....##...###
#........#####.#
#.......5......#
#.....##5######
#.....##h#
#.....##@#
########.# #.#
... ... .....
..... .....[.


You could see Natasha (slow), a white imp (summoned) and a shadow imp
(summoned).

Vanquished Creatures
  A dart slug (D:1)
  2 bats
  3 endoplasms
  2 giant cockroaches (D:1)
  4 goblins (D:1)
  6 hobgoblins (D:1)
  3 quokkas (D:1)
  6 ball pythons
  2 frilled lizards
  4 kobolds
  2 rats (D:1)
35 creatures vanquished.

Vanquished Creatures (others)
  7 plants (D:1)
7 creatures vanquished.

Grand Total: 42 creatures vanquished

Notes
Turn   | Place    | Note
-------+----------+-------------------------------------------
     0 | D:1      | RevDB the Deep Elf Arcane Marksman began the quest for the
                  | Orb.
     0 | D:1      | Reached XP level 1. HP: 11/11 MP: 5/5
   383 | D:1      | Reached XP level 2. HP: 10/16 MP: 4/6
   416 | D:1      | Reached skill level 1 in Fighting
  1127 | D:1      | Reached XP level 3. HP: 20/20 MP: 8/8
  1133 | D:1      | Learned a level 3 spell: Portal Projectile
  1891 | D:2      | Noticed Natasha
  1969 | D:2      | Killed from afar by Natasha

Illustrated notes

Levels and vault maps discovered:
D:1:      lightli_arrival_flooded_house, layout_loops_ring, serial_bayou_lake_a
D:2:      layout_rooms, serial_shops, nicolae_shop_hallway_stairs,
          basic_ecumenical_altar, uniq_natasha

Skill      XL: |  1  2 |
---------------+-------+-----
Fighting       | 1 |  1.0
Bows           | 3 |  3.1
Spellcasting   | 2 |  2.0
Short Blades   | |  0.6
Dodging        | |  2.9
Stealth        | |  0.7
Hexes          | |  4.3
Translocations | |  0.8
Fire Magic     | |  0.7

Action                   || total
-------------------------++-------
Melee: Dagger            ||   266
       Punch             ||     3
 Fire: Shortbow          ||    11
 Cast: Slow              ||    13
       Portal Projectile ||     1
 Stab: Sleeping          ||     3
       Distracted        ||     1
Armor: Robe              ||    51
Dodge: Dodged            ||   149
